 Dungeon Crawl Stone Soup version 0.14-a0-3520-g290746a (webtiles) character file.

470 KaKa the Ruinous (level 6, 0/32 HPs)
             Began as a Kobold Conjurer on Mar 27, 2014.
             Succumbed to poison (a potion of poison)
             ... on Level 5 of the Dungeon.
             The game lasted 00:16:24 (5274 turns).

KaKa the Ruinous (Kobold Conjurer)                  Turns: 5274, Time: 00:16:24

HP   0/32        AC  4     Str  8      XL: 6   Next: 54%
MP  10/15        EV 11     Int 15      God:
Gold 187         SH  9     Dex 15      Spells:  2 memorised, 10 levels left

rFire  . . .     SeeInvis .     j - +2,+1 whip (elec)
rCold  . . .     Clarity  .     d - +0 leather armour
rNeg   . . .     Conserve .     q - +0 buckler
rPois  .         rCorr    .     t - +0 helmet
rElec  .         rRot     .     (no cloak)
SustAb + .       Spirit   .     (no gloves)
rMut   .         Warding  .     (no boots)
Saprov + + .     Stasis   .     (no amulet)
MR     .....                    (no ring)
                                k - ring of sustain abilities {unknown}

@: lethally poisoned, not resistant to hostile enchantments, stealthy
A: disease resistance, carnivore 3, saprovore 2
a: no special abilities


You were on level 5 of the Dungeon.
You were very full.

You visited 1 branch of the dungeon, and saw 5 of its levels.

You collected 187 gold pieces.

Inventory:

Hand weapons
 j - a +2,+1 whip of electrocution (weapon)
Armour
 d - a +0 leather armour (worn)
 q - a +0 buckler (worn)
 t - a +0 helmet (worn)
Magical devices
 r - a wand of fireball (6) {unknown}
Comestibles
 b - 3 meat rations
 x - a chunk of orc flesh
Scrolls
 a - 2 scrolls of fear {unknown}
 e - 4 scrolls of identify {unknown}
 f - 2 scrolls of random uselessness {unknown}
 g - a scroll of immolation {unknown}
 m - 2 scrolls of recharging {unknown}
 o - a scroll of teleportation {unknown}
 p - 2 scrolls of remove curse {unknown}
 s - 2 scrolls of magic mapping {unknown}
 v - 2 scrolls of noise {unknown}
Jewellery
 k - a ring of sustain abilities (left hand) {unknown}
 w - an uncursed amulet of inaccuracy {unknown}
Potions
 h - a potion of heal wounds {unknown}
 i - a potion of curing
 l - a potion of agility {unknown}
Books
 c - a book of Conjurations

   Spells                             Type                      Level
   *Magic Dart                        Conjuration                  1
   *Searing Ray                       Conjuration                  2
   Dazzling Spray                     Conjuration/Hexes            3
   Fulminant Prism                    Conjuration/Hexes            4
   Iskenderun's Mystic Blast          Conjuration                  4
   Iskenderun's Battlesphere          Conjuration/Charms           5


   Skills:
 - Level 2.5 Dodging
 - Level 3.0 Stealth
 + Level 4.2 Spellcasting
 + Level 5.3 Conjurations


You had 10 spell levels left.
You knew the following spells:

 Your Spells              Type           Power        Failure   Level  Hunger
a - Magic Dart            Conj           ###.         4%          1    None
b - Searing Ray           Conj           ###...       8%          2    ##.....


Dungeon Overview and Level Annotations

Branches:
Dungeon (5/15)
 Temple: D:4-7

Altars:
Kikubaaqudgha
Zin

Annotations:
D:3 Grinder, Sigmund
D:4 Egon's ghost, average FeTm; Prince Ribbit


Innate Abilities, Weirdness & Mutations

You recuperate from illness quickly.
You are small and have problems with some larger weapons.
You are carnivorous and can eat meat at any time.
You can eat rotten meat.


Message History

* * * LOW HITPOINT WARNING * * *
You are too injured to fight recklessly!
Found a stone staircase leading up.
You are too injured to fight recklessly!
Drink which item? (? for menu, Esc to quit)
That liquid tasted very nasty...
You are lethally poisoned!
It was a potion of poison.
* * * LOW HITPOINT WARNING * * *
You feel sick.
The ice beast hits you but does no damage.
You hit the ice beast but do no damage.
The ice beast is lightly wounded.
* * * LOW HITPOINT WARNING * * *
You feel sick.
The ice beast hits you but does no damage.
The ice beast misses you.
You closely miss the ice beast.
The ice beast is lightly wounded.
You die...

#.# #.< ####.###### #.# #.# #.#
#.# #####.### #.#### #'###
.........# #....# ....#
#.........# ######'###
....######........(# #........#
....'..............# #........#
....######.........#####........+
....# #.....J@..'...#........#
#'### #....JI...###.'........#
#.# #####'##### ###...J....# ..#
##.# ##.....### .## #..#
#####...# .# ##'#### #.......
.#### ###.....# #.......
..).######.'.....# #.......
....#......#....J#########.......


You could see an ice beast and 2 jellies.

Vanquished Creatures
  2 hounds (D:5)
  An orc priest (D:5)
  Natasha (thrice) (D:3)
  An orc wizard (D:5)
  Ijyb (D:2)
  2 adders
  An inept feature mimic (D:5)
  2 worms (D:2)
  2 oozes (D:3)
  4 orcs
  6 giant cockroaches
  9 hobgoblins
  5 jackals (D:2)
  9 kobolds
  A quokka (D:2)
  6 bats
  4 giant geckos (D:2)
  5 giant newts
  15 goblins
  An orc skeleton (D:5)
  An orc zombie (D:5)
  5 rats
86 creatures vanquished.

Notes
Turn   | Place    | Note
--------------------------------------------------------------
     0 | D:1      | KaKa, the Kobold Conjurer, began the quest for the Orb.
     0 | D:1      | Reached XP level 1. HP: 10/10 MP: 3/3
   430 | D:1      | Reached XP level 2. HP: 15/15 MP: 0/4
  1203 | D:2      | Reached XP level 3. HP: 17/19 MP: 6/6
  1219 | D:2      | Reached skill level 4 in Conjurations
  1797 | D:2      | Learned a level 2 spell: Searing Ray
  1938 | D:2      | Reached XP level 4. HP: 24/24 MP: 1/8
  2511 | D:2      | Noticed Ijyb
  2545 | D:2      | Killed Ijyb
  2934 | D:3      | Noticed Natasha
  2945 | D:3      | Killed Natasha
  2945 | D:3      | Reached XP level 5. HP: 14/28 MP: 4/11
  3311 | D:3      | Noticed Natasha
  3314 | D:3      | Killed Natasha
  3339 | D:3      | Noticed Sigmund
  3835 | D:3      | Noticed Natasha
  3838 | D:3      | Killed Natasha
  3919 | D:3      | Noticed Grinder
  3956 | D:4      | Noticed Egon's ghost (average FeTm)
  3960 | D:4      | Noticed Prince Ribbit
  3967 | D:5      | Entered Level 5 of the Dungeon
  4007 | D:5      | Found an ancient bone altar of Kikubaaqudgha.
  4148 | D:5      | Found a staircase to the Ecumenical Temple.
  4161 | D:5      | the staircase to the Ecumenical Temple was a mimic.
  4514 | D:5      | Reached skill level 5 in Conjurations
  4514 | D:5      | Reached XP level 6. HP: 16/32 MP: 3/14
  4896 | D:5      | Found a glowing silver altar of Zin.
  5244 | D:5      | Noticed an ice beast
  5274 | D:5      | Succumbed to poison (a potion of poison)

Action                   |  1- 3 |  4- 6 || total
-------------------------+-------+-------++-------
Melee: Unarmed           |     6 |       ||     6
       Whip              |    17 |    49 ||    66
       Club              |     7 |       ||     7
 Cast: Magic Dart        |    66 |   163 ||   229
  Use: Potion            |       |     3 ||     3
 Stab: Sleeping          |     1 |       ||     1
